Workbook

Sheet How to use
B1: Financial Model
B2: A free financial model spreadsheet: build driver-based revenue, costs, and headcount into monthly and annual projections in Google Sheets and Excel.
B4: Quick start
A5: 1 | B5: Open the Monthly model tab and replace the sample rows with your own — one row per entry. Formulas fill in automatically for new rows.
A6: 2 | B6: Driver-based: change customers, price, headcount and costs per month; revenue, payroll, EBITDA and cash follow.
A7: 3 | B7: Ending cash turns red if the plan runs out of money; that month is your hiring or fundraising deadline.
A8: 4 | B8: Keep a backup copy before restructuring columns; renaming a header is safe, deleting a column used in formulas is not.
B10: Colour key
B11: Yellow cells: type your numbers here.
B12: Grey cells: calculated automatically. Leave them alone.
B13: Red highlight: overdue or below a limit. Needs attention.
B14: Amber highlight: getting close. Check soon.
B16: Sample rows are examples. Overwrite or delete them. Formulas extend to new rows automatically. Works in Excel and Google Sheets (File → Import).

Sheet Monthly model
A1: Month | B1: Customers | C1: Revenue per customer | D1: Headcount | E1: Cost per head | F1: Other operating costs | G1: Revenue | H1: Gross profit | I1: Payroll | J1: EBITDA | K1: Ending cash
A2: 46308 | B2: 120 | C2: 950 | D2: 8 | E2: 9500 | F2: 14000 | G2: =IF($A2="","",(B2*C2)) -> 114000 | H2: =IF($A2="","",(G2*'Assumptions'!$B$5)) -> 82080 | I2: =IF($A2="","",(D2*E2)) -> 76000 | J2: =IF($A2="","",((H2-I2)-F2)) -> -7920 | K2: =IF($A2="","",('Assumptions'!$B$3+SUMIFS('Monthly model'!$J$2:$J$201,'Monthly model'!$A$2:$A$201,("<="&A2)))) -> 242080
A3: 46339 | B3: 128 | C3: 950 | D3: 8 | E3: 9500 | F3: 14000 | G3: =IF($A3="","",(B3*C3)) -> 121600 | H3: =IF($A3="","",(G3*'Assumptions'!$B$5)) -> 87552 | I3: =IF($A3="","",(D3*E3)) -> 76000 | J3: =IF($A3="","",((H3-I3)-F3)) -> -2448 | K3: =IF($A3="","",('Assumptions'!$B$3+SUMIFS('Monthly model'!$J$2:$J$201,'Monthly model'!$A$2:$A$201,("<="&A3)))) -> 239632
A4: 46369 | B4: 137 | C4: 960 | D4: 9 | E4: 9500 | F4: 15000 | G4: =IF($A4="","",(B4*C4)) -> 131520 | H4: =IF($A4="","",(G4*'Assumptions'!$B$5)) -> 94694.4 | I4: =IF($A4="","",(D4*E4)) -> 85500 | J4: =IF($A4="","",((H4-I4)-F4)) -> -5805.6 | K4: =IF($A4="","",('Assumptions'!$B$3+SUMIFS('Monthly model'!$J$2:$J$201,'Monthly model'!$A$2:$A$201,("<="&A4)))) -> 233826.4
A5: 46400 | B5: 146 | C5: 960 | D5: 9 | E5: 9500 | F5: 15000 | G5: =IF($A5="","",(B5*C5)) -> 140160 | H5: =IF($A5="","",(G5*'Assumptions'!$B$5)) -> 100915.2 | I5: =IF($A5="","",(D5*E5)) -> 85500 | J5: =IF($A5="","",((H5-I5)-F5)) -> 415.2 | K5: =IF($A5="","",('Assumptions'!$B$3+SUMIFS('Monthly model'!$J$2:$J$201,'Monthly model'!$A$2:$A$201,("<="&A5)))) -> 234241.6
A6: 46431 | B6: 156 | C6: 980 | D6: 10 | E6: 9600 | F6: 16000 | G6: =IF($A6="","",(B6*C6)) -> 152880 | H6: =IF($A6="","",(G6*'Assumptions'!$B$5)) -> 110073.6 | I6: =IF($A6="","",(D6*E6)) -> 96000 | J6: =IF($A6="","",((H6-I6)-F6)) -> -1926.4 | K6: =IF($A6="","",('Assumptions'!$B$3+SUMIFS('Monthly model'!$J$2:$J$201,'Monthly model'!$A$2:$A$201,("<="&A6)))) -> 232315.2
A7: 46459 | B7: 166 | C7: 980 | D7: 10 | E7: 9600 | F7: 16000 | G7: =IF($A7="","",(B7*C7)) -> 162680 | H7: =IF($A7="","",(G7*'Assumptions'!$B$5)) -> 117129.6 | I7: =IF($A7="","",(D7*E7)) -> 96000 | J7: =IF($A7="","",((H7-I7)-F7)) -> 5129.6 | K7: =IF($A7="","",('Assumptions'!$B$3+SUMIFS('Monthly model'!$J$2:$J$201,'Monthly model'!$A$2:$A$201,("<="&A7)))) -> 237444.8
G8: =IF($A8="","",(B8*C8)) | H8: =IF($A8="","",(G8*'Assumptions'!$B$5)) | I8: =IF($A8="","",(D8*E8)) | J8: =IF($A8="","",((H8-I8)-F8)) | K8: =IF($A8="","",('Assumptions'!$B$3+SUMIFS('Monthly model'!$J$2:$J$201,'Monthly model'!$A$2:$A$201,("<="&A8))))
G9: =IF($A9="","",(B9*C9)) | H9: =IF($A9="","",(G9*'Assumptions'!$B$5)) | I9: =IF($A9="","",(D9*E9)) | J9: =IF($A9="","",((H9-I9)-F9)) | K9: =IF($A9="","",('Assumptions'!$B$3+SUMIFS('Monthly model'!$J$2:$J$201,'Monthly model'!$A$2:$A$201,("<="&A9))))
G10: =IF($A10="","",(B10*C10)) | H10: =IF($A10="","",(G10*'Assumptions'!$B$5)) | I10: =IF($A10="","",(D10*E10)) | J10: =IF($A10="","",((H10-I10)-F10)) | K10: =IF($A10="","",('Assumptions'!$B$3+SUMIFS('Monthly model'!$J$2:$J$201,'Monthly model'!$A$2:$A$201,("<="&A10))))
G11: =IF($A11="","",(B11*C11)) | H11: =IF($A11="","",(G11*'Assumptions'!$B$5)) | I11: =IF($A11="","",(D11*E11)) | J11: =IF($A11="","",((H11-I11)-F11)) | K11: =IF($A11="","",('Assumptions'!$B$3+SUMIFS('Monthly model'!$J$2:$J$201,'Monthly model'!$A$2:$A$201,("<="&A11))))
G12: =IF($A12="","",(B12*C12)) | H12: =IF($A12="","",(G12*'Assumptions'!$B$5)) | I12: =IF($A12="","",(D12*E12)) | J12: =IF($A12="","",((H12-I12)-F12)) | K12: =IF($A12="","",('Assumptions'!$B$3+SUMIFS('Monthly model'!$J$2:$J$201,'Monthly model'!$A$2:$A$201,("<="&A12))))
G13: =IF($A13="","",(B13*C13)) | H13: =IF($A13="","",(G13*'Assumptions'!$B$5)) | I13: =IF($A13="","",(D13*E13)) | J13: =IF($A13="","",((H13-I13)-F13)) | K13: =IF($A13="","",('Assumptions'!$B$3+SUMIFS('Monthly model'!$J$2:$J$201,'Monthly model'!$A$2:$A$201,("<="&A13))))
G14: =IF($A14="","",(B14*C14)) | H14: =IF($A14="","",(G14*'Assumptions'!$B$5)) | I14: =IF($A14="","",(D14*E14)) | J14: =IF($A14="","",((H14-I14)-F14)) | K14: =IF($A14="","",('Assumptions'!$B$3+SUMIFS('Monthly model'!$J$2:$J$201,'Monthly model'!$A$2:$A$201,("<="&A14))))
G15: =IF($A15="","",(B15*C15)) | H15: =IF($A15="","",(G15*'Assumptions'!$B$5)) | I15: =IF($A15="","",(D15*E15)) | J15: =IF($A15="","",((H15-I15)-F15)) | K15: =IF($A15="","",('Assumptions'!$B$3+SUMIFS('Monthly model'!$J$2:$J$201,'Monthly model'!$A$2:$A$201,("<="&A15))))
G16: =IF($A16="","",(B16*C16)) | H16: =IF($A16="","",(G16*'Assumptions'!$B$5)) | I16: =IF($A16="","",(D16*E16)) | J16: =IF($A16="","",((H16-I16)-F16)) | K16: =IF($A16="","",('Assumptions'!$B$3+SUMIFS('Monthly model'!$J$2:$J$201,'Monthly model'!$A$2:$A$201,("<="&A16))))
G17: =IF($A17="","",(B17*C17)) | H17: =IF($A17="","",(G17*'Assumptions'!$B$5)) | I17: =IF($A17="","",(D17*E17)) | J17: =IF($A17="","",((H17-I17)-F17)) | K17: =IF($A17="","",('Assumptions'!$B$3+SUMIFS('Monthly model'!$J$2:$J$201,'Monthly model'!$A$2:$A$201,("<="&A17))))
G18: =IF($A18="","",(B18*C18)) | H18: =IF($A18="","",(G18*'Assumptions'!$B$5)) | I18: =IF($A18="","",(D18*E18)) | J18: =IF($A18="","",((H18-I18)-F18)) | K18: =IF($A18="","",('Assumptions'!$B$3+SUMIFS('Monthly model'!$J$2:$J$201,'Monthly model'!$A$2:$A$201,("<="&A18))))
G19: =IF($A19="","",(B19*C19)) | H19: =IF($A19="","",(G19*'Assumptions'!$B$5)) | I19: =IF($A19="","",(D19*E19)) | J19: =IF($A19="","",((H19-I19)-F19)) | K19: =IF($A19="","",('Assumptions'!$B$3+SUMIFS('Monthly model'!$J$2:$J$201,'Monthly model'!$A$2:$A$201,("<="&A19))))
... G201: =IF($A201="","",(B201*C201)) | H201: =IF($A201="","",(G201*'Assumptions'!$B$5)) | I201: =IF($A201="","",(D201*E201)) | J201: =IF($A201="","",((H201-I201)-F201)) | K201: =IF($A201="","",('Assumptions'!$B$3+SUMIFS('Monthly model'!$J$2:$J$201,'Monthly model'!$A$2:$A$201,("<="&A201))))

Sheet Assumptions
A1: Item | B1: Value | C1: Notes
A2: Cash
A3: Starting cash | B3: 250000
A4: Margins
A5: Gross margin | B5: 0.72 | C5: Revenue left after direct costs.
A6: Totals
A7: Total revenue (6 months) | B7: =SUM('Monthly model'!$G$2:$G$201) -> 822840
A8: Total EBITDA (6 months) | B8: =SUM('Monthly model'!$J$2:$J$201) -> -12555.2
A9: Lowest cash | B9: =MIN('Monthly model'!$K$2:$K$201) -> 232315.2
